AoeStats
← t_ttieshotsonly

Arena

509512856Analyzed
4v4 RM · 5d ago on Sep 27, 2026· 45m 20s· 8 players
Game mode
Random Map
Map size
Large (8 player)
Population
200
Speed
Normal
Resources
Standard
Victory
Conquest
Starting age
Dark Age
Ending age
Imperial Age
RankedLock teamsTeams togetherTeam positionsShared explorationLock speedFull tech treeHidden civsTurbo modeCheats
Victory
Defeat
🇺🇸 Mongols · United States
939
+15
🇦🇷 Chinese · Argentina
894
+17
🇨🇳 Magyars · China
876
+18
🇺🇸 Magyars · United States
866
+18
🇺🇸 Franks · United States
954
-18
🇺🇸 Portuguese · United States
936
-18
🇺🇸 Bohemians · United States
882
-16
🇺🇸 Inca · United States
879
-16
lx T DUB xl
0:52 Loom
11:06 Feudal Age
14:14 Double-Bit Axe
14:12 Horse Collar
15:22 Gold Mining
19:27 Castle Age
17:52 Fletching
18:03 Padded Archer Armor
18:34 Stone Mining
25:47 Bodkin Arrow
27:09 Wheelbarrow
26:41 Heavy Plow
27:52 Bow Saw
28:29 Stone Shaft Mining
30:05 Caravan
32:14 Ballistics
32:14 Leather Archer Armor
32:14 Thumb Ring
32:23 Bloodlines
32:13 Husbandry
31:40 Light Cavalry
33:16 Gold Shaft Mining
33:03 Hand Cart
36:10 Imperial Age
37:51 Chemistry
37:23 Parthian Tactics
37:02 Bracer
36:27 Elite Mangudai
37:29 Conscription
37:44 Drill
36:47 Capped Ram
38:55 Siege Engineers
39:02 Masonry
39:07 Siege Ram
Zanarkand
8:20 Loom
10:31 Feudal Age
16:38 Castle Age
14:54 Double-Bit Axe
15:34 Horse Collar
20:46 Fervor
21:13 Wheelbarrow
21:23 Town Watch
22:27 Scale Barding Armor
22:46 Bloodlines
23:24 Heavy Plow
24:07 Stone Mining
24:40 Gold Mining
26:37 Husbandry
26:59 Chain Barding Armor
27:04 Ballistics
30:58 Imperial Age
29:15 Town Patrol
31:18 Gold Shaft Mining
31:25 Hand Cart
33:27 Plate Barding Armor
32:44 Fletching
33:20 Bow Saw
33:55 Padded Archer Armor
34:00 Corvinian Army
34:52 Elite Magyar Huszar
36:30 Parthian Tactics
36:11 Thumb Ring
35:26 Heavy Cavalry Archer
36:46 Leather Archer Armor
37:31 Crop Rotation
37:10 Recurve Bow
37:31 Conscription
40:21 Chemistry
39:28 Siege Engineers
39:22 Bodkin Arrow
39:57 Ring Archer Armor
41:50 Bracer
GerAoe
0:31 Loom
10:19 Feudal Age
15:13 Castle Age
16:02 Fletching
17:56 Bodkin Arrow
25:51 Padded Archer Armor
27:07 Horse Collar
29:46 Ballistics
29:45 Leather Archer Armor
30:23 Double-Bit Axe
34:42 Imperial Age
34:06 Bow Saw
34:25 Gold Mining
34:34 Stone Mining
36:30 Bracer
40:08 Wheelbarrow
40:25 Ring Archer Armor
40:20 Thumb Ring
44:01 Rocketry
44:58 Chemistry
紫幽冰云
10:56 Feudal Age
15:09 Castle Age
13:58 Double-Bit Axe
14:01 Horse Collar
17:09 Heavy Plow
21:29 Wheelbarrow
22:32 Bow Saw
23:56 Hand Cart
23:59 Gold Mining
24:02 Stone Mining
25:51 Gold Shaft Mining
28:53 Imperial Age
27:07 Fletching
27:17 Padded Archer Armor
27:39 Thumb Ring
28:23 Bodkin Arrow
29:53 Ballistics
29:42 Bracer
29:58 Leather Archer Armor
30:12 Parthian Tactics
29:38 Heavy Cavalry Archer
31:54 Chemistry
32:06 Leather Archer Armor
32:12 Recurve Bow
32:55 Conscription
34:33 Ring Archer Armor
43:18 Corvinian Army
44:11 Elite Magyar Huszar
t_ttieshotsonly
6:05 Loom
10:30 Feudal Age
10:57 Double-Bit Axe
10:54 Horse Collar
17:47 Champi Runner
22:24 Castle Age
23:37 Elite Skirmisher
CuddlingPenguin
12:30 Feudal Age
13:56 Double-Bit Axe
13:54 Horse Collar
14:21 Loom
18:55 Gold Mining
21:16 Castle Age
25:44 Imperial Age
23:30 Heavy Plow
23:43 Bow Saw
23:47 Fortified Wall
23:58 Ballistics
30:38 Chemistry
32:18 Two-Man Saw
31:36 Fletching
32:32 Siege Engineers
32:17 Elite Skirmisher
34:44 Masonry
34:47 Padded Archer Armor
34:38 Fletching
39:12 Architecture
38:53 Bodkin Arrow
39:14 Leather Archer Armor
39:40 Bracer
42:58 Wheelbarrow
Hippochamp511
10:16 Feudal Age
14:46 Castle Age
12:39 Double-Bit Axe
16:05 Bow Saw
17:39 Wheelbarrow
18:59 Town Watch
19:00 Loom
19:37 Hand Cart
22:33 Gold Mining
24:56 Gold Shaft Mining
24:54 Husbandry
25:33 Stone Mining
26:47 Scale Barding Armor
26:52 Forging
30:32 Imperial Age
27:49 Loom
28:04 Town Patrol
28:32 Chain Barding Armor
28:47 Iron Casting
28:36 Treadmill Crane
28:51 Fletching
31:11 Ballistics
30:50 Bodkin Arrow
30:37 Cavalier
31:59 Plate Barding Armor
32:58 Blast Furnace
32:17 Bodkin Arrow
33:53 Conscription
33:33 Paladin
36:20 Chemistry
Dilldozer101
11:37 Feudal Age
16:08 Castle Age
15:11 Horse Collar
15:19 Double-Bit Axe
21:20 Padded Archer Armor
22:33 Elite Skirmisher
26:13 Fletching
26:40 Leather Archer Armor
26:32 Scale Barding Armor
27:13 Light Cavalry
27:55 Husbandry
32:58 Chemistry
32:12 Masonry
34:39 Imperial Age
32:05 Loom
32:56 Wheelbarrow
32:25 Bodkin Arrow
32:54 Heavy Plow
33:15 Bow Saw
34:25 Hand Cart
34:50 Chain Barding Armor
39:53 Siege Engineers
Connection lost

Rejoining the realm…

Still unreachable

The connection could not be restored.

Session expired

The server has moved on; the page needs a fresh start.